[Event "VIII Lorca Open-A 2019"]
[Site "Lorca"]
[Date "2019.12.30"]
[Round "9.13"]
[White "Guerra Rivera, Salvador"]
[Black "Real De Azua, Ernesto"]
[Result "0-1"]
[ECO "A15"]
[WhiteElo "2314"]
[BlackElo "2450"]
[Annotator "ChessBase"]
[PlyCount "76"]
[EventDate "2019.12.26"]
[EventType "swiss"]
[EventCountry "ESP"]
[SourceTitle "playchess.com"]
[Source "ChessBase"]
[SourceQuality "1"]
[TimeControl "5400+30"]

1. Nf3 Nf6 2. g3 b6 3. Bg2 Bb7 4. b3 g6 5. O-O Bg7 6. Bb2 O-O 7. c4 e6 8. Nc3 d5 9. d4 Ne4 10. Qc2 Nxc3 11. Bxc3 Nd7 12. cxd5 exd5 13. Rac1 Re8 14. e3 a5 15. Rfd1 c6 16. Ne1 Qe7 17. Nd3 h5 18. a4 h4 19. Be1 hxg3 20. hxg3 Nf6 21. b4 axb4 22. Nxb4 Rec8 23. Qb3 Ng4 24. Nd3 Ba6 25. Qxb6 Bc4 26. a5 Bh6 27. Rxc4 dxc4 28. Qc5 Qe6 29. Nf4 Bxf4 30. gxf4 Rab8 31. a6 Rb5 32. Qa3 Rb3 33. Qa4 Rxe3 34. Qa1 Rd3 35. Rc1 Ra8 36. Bf1 Nf6 37. Qa4 Rxd4 38. Bg2 Nd5 0-1

[Event "VIII Lorca Open-A 2019"]
[Site "Lorca"]
[Date "2019.12.30"]
[Round "9.14"]
[White "Plazuelo Pascual, Juan"]
[Black "Savitha Shri B"]
[Result "1-0"]
[ECO "D30"]
[WhiteElo "2433"]
[BlackElo "1968"]
[Annotator "NA"]
[PlyCount "65"]
[EventDate "2019.12.26"]
[EventType "swiss"]
[EventCountry "ESP"]
[SourceTitle "playchess.com"]
[Source "ChessBase"]
[SourceQuality "1"]
[TimeControl "5400+30"]

1. d4 Nf6 2. c4 e6 3. Nf3 d5 4. e3 c6 5. b3 Bd6 6. Bd3 O-O 7. O-O Nbd7 8. Bb2 b6 9. Nbd2 Bb7 10. Ne5 c5 11. cxd5 Nxd5 12. Nxd7 Qxd7 13. Nc4 f5 14. Nxd6 Qxd6 15. dxc5 Qxc5 16. Qf3 Qe7 17. Qg3 Rac8 18. Rad1 Nf6 19. Bc4 Rfd8 20. Rxd8+ Rxd8 21. Bxf6 Qxf6 22. Qc7 Be4 23. f3 Bd5 24. Rd1 Qg5 25. e4 fxe4 26. fxe4 Re8 27. exd5 exd5 28. Bxd5+ Kh8 29. Qg3 Qf5 30. Qf2 Qe5 31. Bf3 h6 32. h3 a5 33. Qxb6 1-0